 Dungeon Crawl Stone Soup version 0.20-a0-731-gecde0bf (webtiles) character file.

118235 Gorglomux the Whirler (level 17, -8/121 HPs)
             Began as a Halfling Hunter on Feb 22, 2017.
             Was a High Priest of Okawaru.
             Mangled by an emperor scorpion (19 damage)
             ... on level 2 of the Spider Nest.
             The game lasted 01:43:12 (26319 turns).

Gorglomux the Whirler (Halfling Hunter)            Turns: 26319, Time: 01:43:12

Health: -8/121     AC: 19    Str: 13    XL:     17   Next: 31%
Magic:  14/14      EV: 14    Int: 18    God:    Okawaru [*****.]
Gold:   626        SH:  0    Dex: 25    Spells: 15/16 levels left

rFire    + . .     SeeInvis +   q - +8 quarterstaff of Roopla {god gift, speed, SInv}
rCold    + + .     Gourm    .   Q - +0 scale mail of Ubugirch {MR+ Regen+ Int+2}
rNeg     + . .     Faith    .   (shield currently unavailable)
rPois    +         Spirit   .   n - +0 hat of the Equinox {god gift, rElec Int+7 Dex+3 Stlth-}
rElec    +         Reflect  .   u - scarf {rC+} {god gift}
rCorr    .         Harm     .   e - +2 pair of gloves of Ethics {god gift, rC+ rN+ Regen+ MP-9}
MR       ++...                  l - +2 pair of boots
Stlth    ++........             r - amulet of regeneration
Regen    1.5/turn               o - ring of poison resistance
MPRegen  0.2/turn               f - ring of protection from fire

@: heroism, held
A: mutation resistance 1, shaggy fur 1
a: Heroism, Finesse, Renounce Religion


You were on level 2 of the Spider Nest.
You worshipped Okawaru.
Okawaru was extremely pleased with you.
You were not hungry.

You visited 5 branches of the dungeon, and saw 26 of its levels.
You also visited: Volcano.

You collected 2574 gold pieces.
You spent 1948 gold pieces at shops.

Inventory:

Hand Weapons
 a - a +1 fustibalus
 b - a +7 blowgun
 q - the +8 quarterstaff of Roopla (weapon) {god gift, speed, SInv}
   (Okawaru gifted it to you in a volcano)

   Attacks with this weapon are significantly faster.
   It lets you see invisible.
 O - the +4 quarterstaff "Nukhluxe" {vamp, +Blink Dex+3}
   (You found it on level 2 of the Spider Nest)

   It inflicts no extra harm, but heals its wielder when it wounds a living foe.
   It affects your dexterity (+3).
   It lets you blink.
Missiles
 d - 149 sling bullets
 j - 584 stones (quivered)
 t - 7 curare-tipped needles
 Z - 3 throwing nets
Armour
 e - the +2 pair of gloves of Ethics (worn) {god gift, rC+ rN+ Regen+ MP-9}
   (Okawaru gifted it to you on level 4 of the Lair of Beasts)

   It protects you from cold.
   It protects you from negative energy.
   It affects your magic capacity (-9).
   It increases your rate of regeneration.
 l - a +2 pair of boots (worn)
 n - the +0 hat of the Equinox (worn) {god gift, rElec Int+7 Dex+3 Stlth-}
   (Okawaru gifted it to you on level 15 of the Dungeon)

   It affects your intelligence (+7).
   It affects your dexterity (+3).
   It insulates you from electricity.
   It makes you less stealthy.
 u - a scarf of cold resistance (worn) {god gift}
 Q - the +0 scale mail of Ubugirch (worn) {MR+ Regen+ Int+2}
   (You found it on level 4 of the Dungeon)

   It affects your intelligence (+2).
   It affects your resistance to hostile enchantments.
   It increases your rate of regeneration.
Jewellery
 f - a ring of protection from fire (left hand)
 m - an uncursed ring of protection from magic
 o - a ring of poison resistance (right hand)
 r - an amulet of regeneration (around neck)
Wands
 z - a wand of iceblast (3/15)
 S - a wand of scattershot (3/9)
Scrolls
 B - a scroll of blinking
 D - 4 scrolls of fear
 G - 3 scrolls of fog
 M - 2 scrolls of magic mapping
 R - 5 scrolls of identify
 T - 7 scrolls of teleportation
 U - a scroll of enchant weapon
 V - 18 scrolls of remove curse
Potions
 k - 12 potions of curing
 p - 2 potions of resistance
 s - a potion of might
 v - 2 potions of invisibility
 x - 3 potions of magic
 y - a potion of ambrosia
 J - 3 potions of agility
 L - 3 potions of berserk rage
 N - 2 potions of haste
 W - a potion of flight
Miscellaneous
 X - a phial of floods (inert)
Comestibles
 h - 6 meat rations
 Y - 17 bread rations


   Skills:
 + Level 12.7(17.7) Fighting
 - Level 14.1(19.1) Staves
 - Level 16.0(21.0) Slings
 - Level 11.5(16.5) Armour
 - Level 11.8(16.8) Dodging
 - Level 1.1(6.1) Stealth
 - Level 8.0 Invocations
 - Level 3.1 Evocations


You had 15 spell levels left.
You knew the following spells:

 Your Spells              Type           Power        Failure   Level  Hunger
o - Apportation           Tloc           #.....       65%         1    ##.....


Dungeon Overview and Level Annotations

Branches:
Dungeon (15/15)            Temple (1/1) D:5            Lair (6/6) D:10
 Shoals (0/4) Lair:3       Spider (2/4) Lair:3        Slime (0/5) Lair:6
    Orc (2/2) D:10            Elf (0/3) Orc:2        Vaults (0/5) D:14
 Depths (0/5) D:15

Altars:
Ashenzari
Cheibriados
Hepliaklqana
Makhleb
Nemelex Xobeh
Okawaru
Ru
Trog
Xom
Yredelemnul
The Shining One
Beogh

Shops:
D:4 }   D:5 }   D:6 }   D:9 ?   D:11 ?   Orc:1 *   Orc:2 *%([

Portals:
Hell: Lair:6

Annotations:
D:8 exclusion: oklob plant


Innate Abilities, Weirdness & Mutations

You are small and have problems with some larger weapons.
You are somewhat resistant to further mutation.
You are covered in fur. (AC +1)


Message History

The orb spider weaves a glowing orb of energy.
The jumping spider leaps!
An orb of destruction comes into view.
You see here 8 gold pieces.
You feel sick. The jumping spider pounces on you.
* * * LOW HITPOINT WARNING * * *
You are caught in a web!
The jumping spider closely misses you.
There is a web here.
The web tears apart.
You feel sick.
The orb of destruction hits the emperor scorpion.
The jumping spider pounces on you!
* * * LOW HITPOINT WARNING * * *
You are caught in a web!
The jumping spider bites you but does no damage.
The jumping spider pounces on you but does no damage.
The jumping spider barely misses you.
You feel better.
The jumping spider completely misses you.
The jumping spider closely misses you. The emperor scorpion stings you!!
You die...

...........##
....................#
...(.................#
#.#....#.......#...^##
#...........#......##
#...................#
..........s.#.......#
..........§§......####
......s@s#.....†...†.#
....................##
.............[......#
..........$........##
...#.......#...#>.)#
.. #.$....#....#..## .
#......##^..####
#....#####.## ##...
###


You could see an emperor scorpion, an orb spider and a jumping spider.

Vanquished Creatures
  Rupert (D:14)
  The ghost of Gorglomux the Severer, an adept DrBe of Trog (D:14)
  Agnes (Spider:1)
  Kirke (D:15)
  The ghost of 100P the Fighter, a journeyman DsGl of Makhleb (Spider:1)
  An orc warlord (Orc:2)
  Louise (D:14)
  An emperor scorpion (Spider:1)
  2 dire elephants
  A red draconian (Volcano)
  An ettin (Orc:1)
  Harold (Orc:1)
  6 hydras
  An ice dragon (Lair:6)
  5 centaur warriors
  14 death yaks
  6 two-headed ogres
  3 tengu warriors (D:13)
  2 orc high priests (Orc:2)
  Sonja (Lair:3)
  A sun demon (Lair:6)
  3 unseen horrors
  5 skeletal warriors (D:12)
  A salamander mystic (Volcano)
  A wizard (Lair:6)
  5 orc knights
  2 orc sorcerers (Orc:2)
  5 orb spiders (Spider:1)
  13 wolf spiders
  A deep elf mage (D:14)
  3 manticores
  4 salamanders (Volcano)
  4 cyclopes
  4 ugly things (D:15)
  7 elephants
  7 black mambas
  A centaur zombie (D:15)
  Maurice (Orc:1)
  Joseph (Lair:1)
  A naga mage (D:15)
  2 gargoyles
  An orange demon (Lair:6)
  11 spiny frogs
  2 torpor snails
  2 centaur skeletons (D:15)
  A kobold demonologist (D:13)
  12 komodo dragons
  An efreet (D:13)
  7 demonic crawlers
  A hellwing (Lair:6)
  4 rime drakes
  2 ice devils (Lair:6)
  A tengu conjurer (D:13)
  2 red devils (Lair:6)
  A polar bear (Lair:5)
  A hornet (D:11)
  12 trolls
  10 slime creatures
  Grinder (D:6)
  22 blink frogs
  8 jumping spiders
  4 dream sheep (Lair:4)
  13 hippogriffs
  10 redbacks
  A spriggan (D:8)
  5 hogs (D:15)
  2 shadows
  7 tarantellas
  A vampire (D:12)
  4 wraiths
  2 wyverns
  16 humans (D:14)
  3 fire bats (Lair:3)
  30 yaks
  3 vampire mosquitoes (D:12)
  3 basilisks
  2 hungry ghosts
  5 wargs
  4 hell hounds (Lair:6)
  10 water moccasins
  2 porcupines (Lair:5)
  26 orc warriors
  7 ice beasts
  6 sky beasts
  A phantom (D:4)
  6 wolves (Lair:6)
  9 centaurs
  10 ogres
  11 crocodiles
  13 bullfrogs
  A wyvern skeleton (D:7)
  5 scorpions
  A killer bee (D:6)
  3 wights (D:8)
  2 electric eels (Lair:5)
  3 howler monkeys
  8 crimson imps
  A wyvern simulacrum (D:14)
  6 hounds
  12 jellies
  2 bullfrog skeletons
  24 orc priests
  21 orc wizards
  3 iguanas
  13 worker ants
  A howler monkey zombie (D:8)
  3 worker ant zombies
  4 gnolls
  3 howler monkey skeletons
  9 adders
  A shadow imp (D:8)
  3 white imps (Lair:6)
  3 oozes
  2 adder skeletons
  2 worms
  A dart slug (D:1)
  2 leopard geckos
  94 orcs
  A ball python (D:3)
  5 bats
  6 giant cockroaches
  6 goblins
  7 hobgoblins
  11 jackals
  7 kobolds
  5 quokkas
  A ball python zombie (D:5)
  8 frilled lizards
  A leopard gecko skeleton (D:5)
  5 rats
  A plant (Lair:5)
738 creatures vanquished.

Vanquished Creatures (others)
  An unseen horror (D:13)
  An orc warrior (Orc:1)
  A bush (Lair:4)
  13 fungi
  4 plants
20 creatures vanquished.

Grand Total: 758 creatures vanquished

Notes
Turn   | Place    | Note
-------+----------+-------------------------------------------
     0 | D:1      | Gorglomux the Halfling Hunter began the quest for the Orb.
     0 | D:1      | Reached XP level 1. HP: 14/14 MP: 1/1
    30 | D:1      | Reached skill level 6 in Slings
    41 | D:1      | Reached XP level 2. HP: 17/19 MP: 2/2
   355 | D:1      | Reached skill level 7 in Slings
   355 | D:1      | Reached XP level 3. HP: 11/24 MP: 3/3
   800 | D:2      | Reached XP level 4. HP: 29/29 MP: 4/4
   824 | D:2      | Reached skill level 8 in Slings
  1483 | D:2      | Reached XP level 5. HP: 34/34 MP: 5/5
  1899 | D:3      | Reached skill level 9 in Slings
  2218 | D:3      | Reached XP level 6. HP: 39/39 MP: 6/6
  2458 | D:4      | Reached skill level 10 in Slings
  2533 | D:4      | Got a steaming scale mail
  2544 | D:4      | Identified the cursed +0 scale mail of Ubugirch {MR+ Regen+ Int+2} (You found it on level 4 of the Dungeon)
  2637 | D:4      | Noticed a phantom
  2664 | D:4      | Killed a phantom
  2685 | D:4      | Reached skill level 11 in Slings
  2685 | D:4      | Reached XP level 7. HP: 44/44 MP: 7/7
  2724 | D:4      | Found Vial's Gadget Shop.
  3045 | D:4      | Reached skill level 12 in Slings
  3223 | D:4      | Found a snail-covered altar of Cheibriados.
  3277 | D:5      | Entered Level 5 of the Dungeon
  3342 | D:5      | Found Reemuq's Gadget Shoppe.
  3433 | D:5      | Noticed a hippogriff
  3450 | D:5      | Killed a hippogriff
  3450 | D:5      | Reached XP level 8. HP: 13/49 MP: 8/8
  3539 | D:5      | Reached skill level 13 in Slings
  3556 | D:5      | Found a glowing golden altar of the Shining One.
  3559 | D:5      | Became a worshipper of the Shining One
  3600 | D:5      | Reached skill level 1 in Armour
  3614 | D:5      | Found a staircase to the Ecumenical Temple.
  3663 | Temple   | Entered the Ecumenical Temple
  3672 | Temple   | Fell from the grace of the Shining One
  3672 | Temple   | Became a worshipper of Warmaster Okawaru
  3856 | D:6      | Reached skill level 3 in Dodging
  3906 | D:6      | Noticed Grinder
  3910 | D:6      | Found Erpha Tor's Gadget Shop.
  3972 | D:6      | Paralysed by Grinder for 2 turns
  3983 | D:6      | Killed Grinder
  3983 | D:6      | Reached skill level 3 in Fighting
  4086 | D:6      | Reached * piety under Okawaru
  4086 | D:6      | Reached skill level 3 in Armour
  4176 | D:6      | Reached XP level 9. HP: 39/57 MP: 6/9
  4828 | D:7      | Reached ** piety under Okawaru
  5057 | D:7      | Reached skill level 6 in Dodging
  5467 | D:8      | Noticed a hippogriff
  5529 | D:8      | Killed a hippogriff
  5529 | D:8      | Reached XP level 10. HP: 66/66 MP: 10/10
  5616 | D:8      | Reached skill level 6 in Armour
  5690 | D:8      | Found a sacrificial altar of Ru.
  5704 | D:8      | Reached *** piety under Okawaru
  5732 | D:8      | Found a snail-covered altar of Cheibriados.
  5770 | D:8      | Noticed an oklob plant
  5866 | D:8      | Found a bloodstained altar of Trog.
  6275 | D:9      | Received a gift from Okawaru
  6275 | D:9      | Reached skill level 6 in Fighting
  6556 | D:9      | Found Justefo's Magic Scroll Shoppe.
  6564 | D:9      | Bought a scroll of identify for 26 gold pieces
  6564 | D:9      | Bought a scroll of identify for 26 gold pieces
  6564 | D:9      | Bought 3 scrolls of teleportation for 117 gold pieces
  6564 | D:9      | Bought a scroll of identify for 26 gold pieces
  6564 | D:9      | Bought a scroll of noise for 13 gold pieces
  6564 | D:9      | Bought a scroll of identify for 26 gold pieces
  6564 | D:9      | Bought a scroll of blinking for 97 gold pieces
  6564 | D:9      | Bought a scroll of identify for 26 gold pieces
  6743 | D:9      | Identified Heureowe's Handbook of Icy Self-Improvement
  6841 | D:10     | Entered Level 10 of the Dungeon
  6885 | D:10     | Noticed a two-headed ogre
  6896 | D:10     | Killed a two-headed ogre
  6896 | D:10     | Reached **** piety under Okawaru
  7000 | D:10     | Found a shattered altar of Ashenzari.
  7087 | D:10     | Found a staircase to the Orcish Mines.
  7427 | D:9      | Reached XP level 11. HP: 43/74 MP: 11/11
  7508 | D:10     | Found a staircase to the Lair.
  7524 | D:10     | Reached ***** piety under Okawaru
  7528 | D:10     | Reached skill level 9 in Dodging
  7649 | D:10     | Reached skill level 9 in Armour
  7675 | D:10     | Received a gift from Okawaru
  7960 | Lair:1   | Entered Level 1 of the Lair of Beasts
  8389 | Lair:1   | Reached skill level 1 in Invocations
  8679 | Lair:1   | Noticed Joseph
  8701 | Lair:1   | Killed Joseph
  9270 | Lair:2   | Reached skill level 3 in Invocations
  9636 | Lair:2   | Reached skill level 14 in Slings
  9636 | Lair:2   | Reached XP level 12. HP: 36/81 MP: 8/15
  9991 | Lair:3   | Found a hole to the Spider Nest.
 10304 | Lair:3   | Reached skill level 6 in Invocations
 10337 | Lair:3   | Found a dark tunnel.
 10348 | Volcano  | Entered a volcano
 10381 | Volcano  | Received a gift from Okawaru
 10384 | Volcano  | Got a bone quarterstaff {god gift}
 10385 | Volcano  | Identified the +8 quarterstaff of Roopla {god gift, speed, SInv} (Okawaru gifted it to you in a volcano)
 10435 | Volcano  | Noticed a red draconian
 10456 | Volcano  | Killed a red draconian
 10456 | Volcano  | Reached skill level 15 in Slings
 10501 | Volcano  | Noticed a salamander mystic
 10513 | Volcano  | Killed a salamander mystic
 10541 | Volcano  | HP: 4/81 [salamander (11)]
 10807 | Lair:3   | Noticed a seven-headed hydra
 10827 | Lair:3   | Killed a seven-headed hydra
 11062 | Lair:3   | Reached skill level 16 in Slings
 11062 | Lair:3   | Reached skill level 1 in Evocations
 11071 | Lair:3   | Received a gift from Okawaru
 11084 | Lair:3   | Noticed a death yak
 11117 | Lair:3   | Noticed a death yak
 11129 | Lair:3   | Noticed a death yak
 11211 | Lair:2   | Killed a death yak
 11302 | Lair:2   | Received a gift from Okawaru
 11346 | Lair:2   | Reached skill level 3 in Evocations
 11346 | Lair:2   | Reached XP level 13. HP: 81/87 MP: 13/19
 11552 | Lair:3   | Noticed Sonja
 11584 | Lair:3   | Killed Sonja
 11642 | Lair:3   | Found a staircase to the Shoals.
 11723 | Lair:3   | Found a basalt altar of Yredelemnul.
 12136 | Lair:3   | Received a gift from Okawaru
 12694 | Lair:4   | Noticed a seven-headed hydra
 12896 | Lair:4   | Killed a seven-headed hydra
 12999 | Lair:4   | Received a gift from Okawaru
 13013 | Lair:4   | Reached skill level 9 in Fighting
 13085 | Lair:4   | Received a gift from Okawaru
 13094 | Lair:4   | Got a pair of polished gloves {god gift}
 13100 | Lair:4   | Identified the +2 pair of gloves of Ethics {god gift, rC+ rN+ Regen+ MP-9} (Okawaru gifted it to you on level 4 of the Lair of Beasts)
 13127 | Lair:4   | You fall through a shaft!
 13506 | Lair:5   | Noticed a four-headed hydra
 13534 | Lair:5   | Killed a four-headed hydra
 13534 | Lair:5   | Reached skill level 1 in Staves
 14154 | Lair:6   | Entered Level 6 of the Lair of Beasts
 14186 | Lair:5   | Reached skill level 3 in Staves
 14186 | Lair:5   | Reached XP level 14. HP: 91/97 MP: 9/20
 14536 | Lair:5   | Reached skill level 6 in Staves
 14713 | Lair:6   | Received a gift from Okawaru
 14790 | Lair:6   | Found a staircase to the Slime Pits.
 15023 | Lair:6   | Received a gift from Okawaru
 15398 | Lair:6   | Received a gift from Okawaru
 16108 | Lair:6   | Noticed a dire elephant
 16133 | Lair:6   | Killed a dire elephant
 16133 | Lair:6   | Reached skill level 9 in Staves
 16482 | Lair:6   | Found a burning altar of Makhleb.
 16495 | Lair:6   | Reached XP level 15. HP: 96/101 MP: 6/21
 16549 | Lair:6   | Found a gateway to Hell.
 17549 | D:11     | Found Woffa's Magic Scroll Shoppe.
 17557 | D:11     | Bought a scroll of fear for 42 gold pieces
 17557 | D:11     | Bought a scroll of silence for 90 gold pieces
 17557 | D:11     | Bought a scroll of torment for 90 gold pieces
 17708 | D:9      | Bought a scroll of acquirement for 676 gold pieces
 17872 | D:12     | Received a gift from Okawaru
 18786 | D:13     | Received a gift from Okawaru
 18789 | D:13     | Got a bone quarterstaff {god gift}
 18790 | D:13     | Identified the +4 quarterstaff "Ruocwud" {god gift, flame, +Fly Str+4 Stlth+} (Okawaru gifted it to you on level 13 of the Dungeon)
 18925 | D:13     | Reached skill level 12 in Staves
 19201 | D:14     | Learned a level 1 spell: Apportation
 19269 | D:14     | Noticed Louise
 19350 | D:14     | Killed Louise
 19542 | D:14     | Found a gate to the Vaults.
 19681 | D:14     | Noticed Rupert
 19737 | D:14     | Killed Rupert
 19737 | D:14     | Received a gift from Okawaru
 20014 | D:14     | Reached XP level 16. HP: 106/108 MP: 13/22
 20027 | D:14     | Noticed Gorglomux's ghost (adept DrBe)
 20073 | D:14     | Killed Gorglomux's ghost
 20616 | D:15     | Entered Level 15 of the Dungeon
 20758 | D:15     | Noticed Kirke
 20791 | D:15     | Killed Kirke
 21226 | D:15     | Received a gift from Okawaru
 21232 | D:15     | Got a faintly humming hat {god gift}
 21243 | D:15     | Identified the +0 hat of the Equinox {god gift, rElec Int+7 Dex+3 Stlth-} (Okawaru gifted it to you on level 15 of the Dungeon)
 21247 | D:15     | Gained mutation: You are covered in fur. (AC +1) [potion of mutation]
 21464 | D:15     | Found a staircase to the Depths.
 21864 | Orc:1    | Entered Level 1 of the Orcish Mines
 21870 | Orc:1    | Noticed Harold
 21900 | Orc:1    | Killed Harold
 21974 | Orc:1    | Found Jaeruexi's Assorted Antiques.
 22002 | Orc:1    | Bought a bound iron ring for 135 gold pieces
 22003 | Orc:1    | Identified the ring "Bengag" {Str+4 SInv} (You bought it in a shop on level 1 of the Orcish Mines)
 22060 | Orc:1    | Found a burning altar of Makhleb.
 22066 | Orc:1    | Noticed Maurice
 22103 | Orc:1    | Killed Maurice
 22615 | Orc:2    | Entered Level 2 of the Orcish Mines
 22615 | Orc:2    | Found a staircase to the Elven Halls.
 23075 | Orc:2    | Found a roughly hewn altar of Beogh.
 23461 | Orc:2    | Found a roughly hewn altar of Beogh.
 23461 | Orc:2    | Found Suseor's General Store.
 23625 | Orc:2    | Found a roughly hewn altar of Beogh.
 23662 | Orc:2    | Found Xuces's Food Shop.
 23768 | Orc:2    | Found Ziria's Antique Weapon Shop.
 23769 | Orc:2    | Found a roughly hewn altar of Beogh.
 23770 | Orc:2    | Found Kiakid's Antique Armour Boutique.
 23783 | Orc:2    | Bought a glowing fustibalus for 558 gold pieces
 23940 | Orc:2    | Found a roughly hewn altar of Beogh.
 24285 | Spider:1 | Entered Level 1 of the Spider Nest
 24289 | Spider:1 | Noticed Agnes
 24301 | Spider:1 | Killed Agnes
 24304 | Spider:1 | Noticed 100P's ghost (journeyman DsGl)
 24836 | Spider:1 | Reached XP level 17. HP: 95/118 MP: 14/23
 25232 | Spider:1 | Killed 100P's ghost
 25472 | Spider:1 | Reached skill level 12 in Fighting
 25506 | Spider:1 | Received a gift from Okawaru
 26130 | Spider:2 | Got a warped quarterstaff
 26131 | Spider:2 | Identified the +4 quarterstaff "Nukhluxe" {vamp, +Blink Dex+3} (You found it on level 2 of the Spider Nest)
 26318 | Spider:2 | HP: 2/121 [jumping spider (14)]
 26319 | Spider:2 | Mangled by an emperor scorpion

Vault maps used:
D:1:      saegor_arrival_simple_e
D:2:      first_bread
D:4:      kennysheep_mini, serial_shops, shop_fountains
D:5:      tso_oasis_becter, minmay_temple_entry_grid, serial_shops, shop,
          minivault_26
D:6:      hangedman_cross_stitches, serial_shops, shop, uniq_grinder
D:7:      nicolae_overflow_hidden_temple
D:8:      overflow_temple_1_default, lemuel_doored_altar, the_bakery,
          lemuel_oklob_altar
D:9:      serial_shops, nicolae_shop_crystal
D:10:     erik_lair_orcish_takeover, orc_0_dummy, nicolae_ashenzari_panopticon
D:11:     serial_shops, shop
D:14:     david_vaults_3, serial_corexii_hall, corexii_hall_statues_s,
          corexii_hall_statues_l, nicolae_sextant, uniq_louise, uniq_rupert
D:15:     hangedman_depths_entry_try_elsewhere_first, hangedman_decor_growths,
          uniq_kirke
Temple:   compressed_dpeg_circular_temple
Lair:1:   st_stairs_10, uniq_joseph
Lair:3:   minmay_shoals_entry_beasts, dummy_spider_entry,
          nicolae_volcano_entry_batcave, basic_altar, minmay_stone_trees_large,
          grunt_megastairs_5, lemuel_fruit_fields, uniq_sonja
Lair:5:   serial_bayou_shore_b, infiniplex_staircase_pool, grunt_megastairs_1,
          lemuel_fruit_tree
Lair:6:   evil_forest, nicolae_slime_entry_slimehenge, bobbens_ice_dragon_lair
Spider:1: hive_lemuel, uniq_agnes
Spider:2: lemuel_spider_zombies
Orc:1:    serial_shops, shop, lemuel_statue_altar, uniq_maurice, uniq_harold
Orc:2:    grunt_orc_community_town_hall, grunt_orc_community_big_house_2,
          grunt_orc_community_big_house_1, grunt_orc_community_house_3,
          grunt_orc_community_house_2, grunt_orc_community_house_1,
          grunt_orc_community_house_3, grunt_orc_community_house_2
Volcano:  volcano_pools

Skill      XL: |  1  2  3  4  5  6  7  8  9 10 11 12 13 14 15 16 17 |
---------------+----------------------------------------------------+-----
Slings         | 6 7 8 9 11 12 13 14 16 | 16.0
Fighting       | 3 5 6 7 9 11 12 | 12.7
Armour         | 3 5 8 10 11 | 11.5
Dodging        | 4 6 8 10 11 | 11.8
Invocations    | 4 8 |  8.0
Evocations     | 3 |  3.1
Staves         | 3 9 12 14 | 14.1
Stealth        | |  1.1

Action                   |  1- 3 |  4- 6 |  7- 9 | 10-12 | 13-15 | 16-18 || total
-------------------------+-------+-------+-------+-------+-------+-------++-------
Melee: Short sword       |    58 |       |       |       |       |       ||    58
       Hunting sling     |       |       |       |     1 |       |       ||     1
       Quarterstaff      |       |       |       |    14 |  1078 |  1169 ||  2261
       Blowgun           |       |       |       |       |     3 |       ||     3
       Fustibalus        |       |       |       |       |       |     1 ||     1
 Fire: Hunting sling     |    45 |   183 |   437 |   948 |   586 |       ||  2199
       Blowgun           |       |       |       |       |    71 |     9 ||    80
       Fustibalus        |       |       |       |       |   383 |   204 ||   587
Throw: Throwing net      |       |       |       |     1 |       |       ||     1
       Stone             |       |       |       |       |    14 |       ||    14
Invok: Heroism           |       |       |     1 |    11 |    10 |    13 ||    35
       Finesse           |       |       |       |     5 |    10 |     4 ||    19
 Abil: Evoke Flight      |       |       |       |       |     1 |       ||     1
Evoke: Wand              |       |       |       |     3 |       |     3 ||     6
       Box of beasts     |       |       |       |       |       |     1 ||     1
       Phial of floods   |       |       |       |       |       |     1 ||     1
  Use: Scroll            |       |     7 |     6 |    16 |    12 |     7 ||    48
       Potion            |       |       |       |     2 |     1 |     5 ||     8
  Eat: Chunk             |       |     5 |     8 |    17 |    20 |    13 ||    63
       Fruit             |       |       |       |       |     8 |       ||     8
       Royal jelly       |       |       |       |       |     1 |     1 ||     2
       Bread ration      |       |       |       |       |       |     1 ||     1
       Meat ration       |       |       |       |       |       |     1 ||     1
Armor: Leather armour    |     4 |     2 |       |       |       |       ||     6
       Scale mail        |       |       |    37 |    50 |   291 |   252 ||   630
Dodge: Dodged            |    64 |    23 |   105 |   232 |  1027 |   930 ||  2381
